 Dungeon Crawl Stone Soup version 0.31-a0-1549-g5ff9445e89 (webtiles) character file.

Game seed: 15870000790909259364

240124 Lobster4 the Crack Shot (level 18, -25/162 HPs)
             Began as a Minotaur Hunter on Jan 2, 2024.
             Was the Champion of Hepliaklqana.
             Killed from afar by a deep elf annihilator (66 damage)
             ... with an iron shot
             ... led by a deep elf high priest
             ... on level 2 of the Orcish Mines on Jan 3, 2024.
             The game lasted 01:53:53 (32409 turns).

Lobster4 the Crack Shot (Minotaur Hunter)          Turns: 32409, Time: 01:53:53

Health: -25/162    AC: 28    Str: 17    XL:     18   Next: 61%
Magic:  23/23      EV: 16    Int:  8    God:    Hepliaklqana [******]
Gold:   3425       SH:  0    Dex: 39    Spells: 23/25 levels left

rFire   . . .        S - +2 orcbow of Xeqeik {flame, +Blink rF- Will+++}
rCold   + . .        (shield currently unavailable)
rNeg    . . .        J - +5 chain mail of Repulsion {rF+ rC+ Dex+4}
rPois   .            g - +2 hat
rElec   .            y - +1 cloak "Noaf" {Dex+4}
rCorr   .            w - +2 pair of gloves
SInv    .            f - +2 pair of boots
Will    ++++.        R - amulet of regeneration
Stlth   +            u - +6 ring of dexterity
HPRegen 1.27/turn    T - +6 ring of dexterity
MPRegen 0.18/turn

%: no passive effects
@: lethally poisoned (-25 -> -46)
A: reduced essence, horns 2, retaliatory headbutt
}: 2/15 runes: barnacled, gossamer
a: Renounce Religion, Evoke Blink, Recall Ancestor, Ancestor Identity,
Transference, Idealise


You were on level 2 of the Orcish Mines.
You worshipped Hepliaklqana.
Hepliaklqana was exalted by your worship.
You visited 7 branches of the dungeon, and saw 32 of its levels.
You also visited: Ossuary, Bailey and Ice Cave.

You collected 4374 gold pieces.
You spent 949 gold pieces at shops.

Inventory:

Hand Weapons
 a - a +7 longbow of flaming
 b - a +5 demon blade
 c - a +1 shortbow of freezing
 o - a +2 shortbow of draining
 C - a +1 longbow of freezing
 S - the +2 orcbow of Xeqeik (weapon) {flame, +Blink rF- Will+++}
   (You found it on level 2 of the Lair of Beasts)

   rF-:       It makes you vulnerable to fire.
   Will+++:   It greatly increases your willpower.
   +Blink:    It lets you blink.
Armour
 f - a +2 pair of boots (worn)
 g - a +2 hat (worn)
 k - a +3 leather armour of poison resistance
 s - the scarf of Happy Babbling {+Inv, rCorr}
   (You found it on level 4 of the Shoals)

   rCorr:     It protects you from acid and corrosion.
 w - a +2 pair of gloves (worn)
 y - the +1 cloak "Noaf" (worn) {Dex+4}
   (You found it on level 5 of the Dungeon)

   Dex+4:     It affects your dexterity (+4).
 J - the +5 chain mail of Repulsion (worn) {rF+ rC+ Dex+4}
   (You bought it in a shop on level 2 of the Orcish Mines)

   Dex+4:     It affects your dexterity (+4).
   rF+:       It protects you from fire.
   rC+:       It protects you from cold.
Jewellery
 l - a ring of see invisible
 n - a ring of positive energy
 p - a ring of protection from fire
 u - a +6 ring of dexterity (left hand)
 R - an amulet of regeneration (around neck)
 T - a +6 ring of dexterity (right hand)
 V - a ring of willpower
Wands
 d - a wand of flame (40)
 z - a wand of mindburst (48)
 G - a wand of quicksilver (33)
 L - a wand of roots (23)
 N - a wand of charming (34)
Scrolls
 i - 3 scrolls of blinking
 x - 8 scrolls of teleportation
 I - 7 scrolls of poison
 K - 2 scrolls of immolation
 Q - 5 scrolls of enchant armour
 U - a scroll of silence
 W - 2 scrolls of brand weapon
 X - 2 scrolls of fog
Potions
 e - 3 potions of attraction
 h - 10 potions of haste
 j - 7 potions of might
 m - 5 potions of lignification
 t - 6 potions of enlightenment
 v - 14 potions of curing
 B - 8 potions of mutation
 D - a potion of berserk rage
 E - 8 potions of ambrosia
 F - 2 potions of brilliance
 H - 7 potions of heal wounds
 M - a potion of magic
 O - 3 potions of invisibility
 Y - a potion of resistance
 Z - 2 potions of cancellation
Miscellaneous
 q - a tin of tremorstones (2/2)
 r - a phantom mirror
 A - a phial of floods
 P - a lightning rod (4/4)


   Skills:
 + Level 20.5 Fighting
 - Level 1.0(3.4) Short Blades
 - Level 5.9(6.0) Long Blades
 * Level 25.7 Ranged Weapons
 - Level 1.0 Throwing
 + Level 12.0 Armour
 + Level 7.8 Dodging
 - Level 1.0 Stealth
 - Level 4.0 Spellcasting
 - Level 3.0 Translocations
 - Level 8.0 Invocations
 - Level 5.0 Evocations


You had 23 spell levels left.
You knew the following spells:

 Your Spells              Type           Power      Damage    Failure   Level
x - Blink                 Tloc           12%        N/A       63%         2

Your spell library contained the following spells:

 Spells                   Type           Power      Damage    Failure   Level
 Lesser Beckoning         Tloc           12%        N/A       63%         2
 Momentum Strike          Conj/Tloc      8%         3d8       83%         2
 Gell's Gravitas          Tloc           6%         N/A       85%         3
 Teleport Other           Tloc           6%         N/A       85%         3
 Kiss of Death            Conj/Necr      4%         2d5       88%         1
 Magic Dart               Conj           4%         1d3       88%         1
 Slow                     Hex            4%         N/A       88%         1
 Call Imp                 Summ           2%         N/A       95%         2
 Jinxbite                 Hex            2%         N/A       95%         2
 Mercury Vapours          Alch/Air       2%         N/A       95%         2
 Searing Ray              Conj           2%         2d4       95%         2
 Confusing Touch          Hex            1%         N/A       99%         3
 Frozen Ramparts          Ice            2%         1d1       99%         3
 Hailstorm                Conj/Ice       1%         3d5       99%         3
 Inner Flame              Hex/Fire       1%         N/A       99%         3
 Mephitic Cloud           Conj/Alch/Air  1%         N/A       99%         3
 Sigil of Binding         Hex            1%         N/A       99%         3
 Summon Ice Beast         Ice/Summ       1%         N/A       99%         3
 Tukima's Dance           Hex            1%         N/A       99%         3
 Vampiric Draining        Necr           1%         2d6       99%         3
 Passage of Golubria      Tloc           6%         N/A       99%         4
 Brom's Barrelling Bould  Conj/Erth      1%         2d3       100%        4
 Dispel Undead            Necr           1%         3d6       100%        4
 Fulminant Prism          Conj/Alch      0%         3d5       100%        4
 Leda's Liquefaction      Alch/Erth      0%         N/A       100%        4
 Petrify                  Alch/Erth      1%         N/A       100%        4
 Fireball                 Conj/Fire      0%         3d3       100%        5
 Freezing Cloud           Conj/Ice/Air   0%         6-21      100%        5
 Irradiate                Conj/Alch      0%         3d11      100%        5
 Iskenderun's Battlesphe  Conj           1%         2d6       100%        5
 Metabolic Englaciation   Hex/Ice        0%         N/A       100%        5
 Yara's Violent Unravell  Hex/Alch       0%         3d3       100%        5
 Conjure Ball Lightning   Conj/Air       0%         3x3d6     100%        6
 Sculpt Simulacrum        Ice/Alch       0%         N/A       100%        6
 Enfeeble                 Hex            0%         N/A       100%        7
 Orb of Destruction       Conj           0%         9d5       100%        7
 Ignition                 Fire           0%         3d3       100%        8


Dungeon Overview and Level Annotations

Branches:
Dungeon (15/15)            Temple (1/1) D:4            Lair (5/5) D:8
 Shoals (4/4) Lair:3       Spider (4/4) Lair:2        Slime (0/5) Lair:5
    Orc (2/2) D:12            Elf (1/3) Orc:2        Vaults (0/5) D:14
 Depths (0/4) D:15        Ossuary (visited)          Bailey (visited)
  IceCv (visited)

Altars:
Ashenzari
Cheibriados
Dithmenos
Elyvilon
Fedhas
Gozag
Hepliaklqana
Kikubaaqudgha
Makhleb
Nemelex Xobeh
Okawaru
Qazlal
Ru
Sif Muna
Trog
Uskayaw
Vehumet
Wu Jian
Xom
Yredelemnul
Zin
The Shining One
Jiyva

Shops:
D:5 *   D:8 :   D:12 (   Orc:1 :   Orc:2 (*[([(   Shoals:4 [

Annotations:
D:1 1 exclusion
D:2 1 exclusion
D:13 3 runed translucent doors, osoart's ghost, journeyman MfSh
Spider:1 2 transporters, exclusion: orange crystal statue
Orc:2 3 runed translucent doors, 2 transporters, gummybears's ghost, journeyman TrFi


Innate Abilities, Weirdness & Mutations

Your life essence is reduced to manifest your ancestor. (-10% HP)
You have a pair of horns on your head.
You reflexively headbutt those who attack you in melee.


Message History

You feel extremely sick.
There is a staircase to the Elven Halls here.
You shoot an arrow.
The arrow closely misses the deep elf sorcerer.
You feel extremely sick.
The deep elf sorcerer points at you and mumbles some strange words.
The bolt of acid hits you!
Ku-aya hits the deep elf sorcerer with a +0 broad axe of flaming!
Ku-aya burns the deep elf sorcerer.
The deep elf annihilator hits you but does no damage.
You shoot an arrow.
The arrow hits the deep elf sorcerer but does no damage.
The deep elf sorcerer is moderately wounded.
You feel very sick.
The deep elf sorcerer casts a spell at you.
The bolt of acid hits you!!
The deep elf annihilator casts a spell at you.
The poison arrow hits you!!
You are more poisoned.
The deep elf sorcerer hits you but does no damage.
You shoot an arrow. The arrow hits the deep elf sorcerer.
The arrow burns the deep elf sorcerer.
The deep elf sorcerer is moderately wounded.
You feel extremely sick.
Ku-aya completely misses the deep elf sorcerer.
The deep elf sorcerer hits you but does no damage.
The deep elf annihilator hits you but does no damage.
You shoot an arrow.
The arrow closely misses the deep elf sorcerer.
You feel extremely sick.
The deep elf sorcerer hits you but does no damage.
Ku-aya hits the deep elf sorcerer with a +0 broad axe of flaming.
Ku-aya burns the deep elf sorcerer.
You shoot an arrow. The arrow hits the deep elf sorcerer!!!
The arrow burns the deep elf sorcerer.
You kill the deep elf sorcerer!
You feel extremely sick.
The deep elf annihilator points at you and mumbles some strange words.
The iron shot hits you!!!
You die...

..##.∩.##..# ##.... .##.[...##.#
##########..... .#..._...#.#
#.............. .#...8...#.#
#..#####....... .#.)..[..#.##
#.##...##...... .##.[..)##..#
#.#...).#...#.. ..##)[.##..##
#####.#.._.)#......
...##[##..#.###e#.#.#....)'......
.............#..@)..##...##......
............#...R)#..#####......)
............................#....
.......#......<...#..########...#
......##.#.../....#...### #...##
...................#.##.####...##
..#.................#.....##..###
[..............................#.
.[...............................


You could see the friendly Ku-aya the knight and a deep elf annihilator
(empowered, ally target).

Vanquished Creatures
  Jorgrun (Lair:2)
  Rupert (Lair:5)
  A titan (Shoals:1)
  A kraken (Shoals:3)
  Kirke (Shoals:1)
  2 frost giants
  6 emperor scorpions
  6 ghost moths
  A deep elf sorcerer (Orc:2)
  An orc warlord (Orc:2)
  A stone giant (Shoals:1)
  5 broodmothers
  Nessos (D:13)
  2 spark wasps
  A fire dragon (D:15)
  A crystal guardian (D:15)
  9 merfolk impalers
  8 merfolk javelineers
  6 vault guards
  An entropy weaver (Spider:3)
  A rakshasa (D:15)
  2 hydras
  3 catoblepae (Lair:5)
  5 radroaches
  3 two-headed ogres
  A jorogumo (Spider:3)
  An alligator snapping turtle (Shoals:4)
  3 boulder beetles
  2 centaur warriors (D:14)
  2 merfolk aquamancers (Shoals:4)
  4 merfolk avatars
  A satyr (Shoals:3)
  8 death yaks
  6 demonic crawlers
  An orc high priest (Orc:2)
  A naga sharpshooter (D:15)
  Sonja (Lair:5)
  2 fire crabs (D:15)
  A deep elf knight (Orc:2)
  4 skeletal warriors (D:12)
  5 skysharks
  A sixfirhy (D:15)
  10 sea snakes
  2 pharaoh ants
  2 sun moths (Spider:3)
  8 orb spiders
  4 steelbarb worms
  2 orc knights (Orc:2)
  29 harpies
  13 ugly things
  5 orc sorcerers
  7 deep elf pyromancers
  A deep elf zephyrmancer (D:15)
  An oklob plant (Orc:1)
  12 manticores
  9 cyclopes
  14 wolf spiders
  3 salamanders (D:15)
  Joseph (D:7)
  5 meliai
  15 fauns
  4 moths of wrath
  A rust devil (D:15)
  6 merfolk sirens
  7 water nymphs
  A meliai (shapeshifter) (D:14)
  5 cane toads
  10 elephants
  A torpor snail (Spider:2)
  A gargoyle (D:15)
  A molten gargoyle (D:14)
  An orange demon (Lair:1)
  2 kobold demonologists
  Maggie (D:6)
  3 yaktaurs (D:15)
  3 rime drakes
  A tengu conjurer (D:14)
  2 freezing wraiths (D:15)
  4 komodo dragons
  A wolf spider simulacrum (D:15)
  A polar bear (Lair:4)
  27 tarantellas
  5 trolls
  12 merfolk
  19 blink frogs
  Prince Ribbit (D:5)
  2 wind drakes
  A raiju (shapeshifter) (D:15)
  9 dream sheep (Shoals:1)
  2 raiju (D:15)
  2 snapping turtles (Shoals:4)
  20 jumping spiders
  9 slime creatures
  2 wyverns
  A vampire (D:12)
  18 culicivoras
  Eustachio (D:6)
  A water elemental (D:15)
  4 air elementals (D:15)
  2 wraiths
  50 yaks
  3 shadows
  A basilisk (Lair:2)
  A fire elemental (D:14)
  4 hogs (Shoals:1)
  3 humans (Bailey)
  15 vampire mosquitoes
  5 wargs
  Grum (D:10)
  27 redbacks
  Edmund (D:5)
  6 water moccasins
  2 meliai simulacra (D:15)
  Duvessa (D:5)
  An ice beast (D:6)
  19 orc warriors
  A black bear (D:4)
  2 boggarts (D:15)
  13 wolves
  4 ogres
  A centaur (D:7)
  An elf zombie (Ossuary)
  4 phantoms (D:5)
  4 kobold brigands
  22 bullfrogs
  A scorpion (D:5)
  2 gnoll sergeants (D:12)
  Dowan (D:5)
  27 killer bees
  4 electric eels
  6 howler monkeys
  2 bombardier beetles (D:3)
  A bullfrog zombie (D:5)
  A centaur zombie (D:5)
  A human zombie (Ossuary)
  6 hounds
  A jelly (D:5)
  22 orc priests
  Crazy Yiuf (D:3)
  Ijyb (D:5)
  2 iguanas
  19 orc wizards
  3 polar bear simulacra
  A wolf simulacrum (IceCv)
  2 hound zombies
  4 mummies (Ossuary)
  5 adders
  3 gnolls
  2 white imps
  A dart slug (D:1)
  A ribbon worm (D:2)
  68 orcs
  5 endoplasms
  7 giant cockroaches
  A gnoll zombie (Ossuary)
  5 hobgoblins
  2 jackals (D:1)
  16 kobolds
  4 quokkas
  7 ball pythons
  13 bats
  A frilled lizard (D:1)
  13 goblins
  2 hobgoblin zombies (Ossuary)
  A kobold zombie (Ossuary)
  2 orc zombies (Ossuary)
  A quokka zombie (D:8)
  5 rats
  A rat zombie (Ossuary)
  3 tentacles (Shoals:3)
920 creatures vanquished.

Vanquished Creatures (collateral kills)
  Ilsuiw (Shoals:3)
  A ghost moth (Spider:4)
  A broodmother (Spider:4)
  A crystal guardian (D:15)
  A slime creature (D:14)
  A merfolk impaler (Shoals:1)
  A hydra (Lair:2)
  A satyr (Shoals:3)
  A boulder beetle (D:13)
  2 demonic crawlers
  A hell knight (D:15)
  Amaemon (Lair:1)
  2 orb spiders
  2 pharaoh ants
  A sea snake (Shoals:4)
  An arcanist (D:15)
  2 steelbarb worms
  7 harpies
  2 fauns
  An ugly thing (D:14)
  2 wolf spiders
  5 manticores
  2 elephants
  2 salamanders (D:15)
  2 moths of wrath
  2 meliai
  A black mamba (Lair:2)
  4 cane toads
  2 komodo dragons
  A yaktaur (D:15)
  A queen bee (Spider:1)
  2 trolls
  A merfolk (Shoals:1)
  3 blink frogs
  4 tarantellas
  A dream sheep (Shoals:1)
  An air elemental (D:15)
  5 jumping spiders
  2 wyverns (Lair:4)
  3 culicivoras
  A hog (Shoals:1)
  A wraith (D:14)
  A water elemental (Shoals:4)
  7 yaks
  3 humans (Bailey)
  2 wargs (Orc:2)
  3 redbacks
  2 vampire mosquitoes (D:12)
  An acid dragon (D:13)
  2 water moccasins
  4 orc warriors
  A sky beast (D:7)
  A black bear (D:6)
  An ogre (D:6)
  2 centaurs
  3 wolves
  An elf zombie (Ossuary)
  5 bullfrogs
  An elephant simulacrum (IceCv)
  5 killer bees
  2 orc priests (Orc:2)
  A human zombie (Ossuary)
  A sleepcap (D:7)
  5 orc wizards
  A gnoll (Bailey)
  A white imp (D:6)
  13 orcs (Orc:2)
  A goblin (D:8)
  A hobgoblin (Bailey)
  A bat (Lair:1)
  A rat zombie (D:8)
152 creatures vanquished.

Vanquished Creatures (others)
  An earth elemental (Elf:1)
  19 knights
  An ancestor (D:5)
  5 tentacles (Shoals:3)
26 creatures vanquished.

Grand Total: 1098 creatures vanquished

Notes
Turn   | Place    | Note
-------+----------+-------------------------------------------
     0 | D:1      | Lobster4 the Minotaur Hunter began the quest for the Orb.
     0 | D:1      | Reached XP level 1. HP: 18/18 MP: 0/0
    57 | D:1      | Reached skill level 1 in Stealth
   117 | D:1      | Reached XP level 2. HP: 25/25 MP: 1/1
   199 | D:1      | Reached skill level 1 in Armour
   308 | D:1      | Reached XP level 3. HP: 31/31 MP: 2/2
   386 | D:1      | Reached skill level 5 in Ranged Weapons
   518 | D:1      | Found a faded altar of an unknown god.
   809 | D:2      | Reached XP level 4. HP: 38/38 MP: 3/3
  1418 | D:3      | Reached XP level 5. HP: 46/46 MP: 4/4
  1511 | D:3      | Reached skill level 6 in Ranged Weapons
  1511 | D:3      | Reached skill level 1 in Throwing
  1525 | D:3      | Found an iron altar of Okawaru.
  1630 | D:3      | Found a runed translucent door.
  1631 | D:3      | Noticed Crazy Yiuf
  2058 | D:4      | Found a staircase to the Ecumenical Temple.
  2065 | Temple   | Entered the Ecumenical Temple
  2074 | Temple   | Became a worshipper of Hepliaklqana the Forgotten
  2333 | D:4      | Noticed a black bear
  2335 | D:4      | Reached skill level 1 in Invocations
  2335 | D:4      | Reached XP level 6. HP: 39/53 MP: 5/5
  2731 | D:5      | Entered Level 5 of the Dungeon
  2743 | D:5      | Reached skill level 7 in Ranged Weapons
  2751 | D:5      | Identified the +1 cloak "Noaf" {Dex+4}
  2802 | D:5      | Noticed Prince Ribbit
  2804 | D:5      | Noticed Edmund
  2915 | D:5      | Reached skill level 5 in Fighting
  2915 | D:5      | Reached XP level 7. HP: 61/61 MP: 7/7
  2963 | D:5      | Noticed Ijyb
  2998 | D:5      | Killed Prince Ribbit
  2999 | D:5      | Reached skill level 8 in Ranged Weapons
  3132 | D:5      | Found Gozag's Platinum Reserve.
  3143 | D:5      | Killed Ijyb
  3159 | D:5      | Reached XP level 8. HP: 62/70 MP: 9/9
  3223 | D:5      | Reached skill level 9 in Ranged Weapons
  3267 | D:5      | Reached * piety under Hepliaklqana
  3302 | D:5      | Killed Edmund
  3437 | D:5      | Found an opulent altar of Gozag.
  3465 | D:5      | Noticed Duvessa
  3465 | D:5      | Noticed Dowan
  3845 | D:5      | Learned a level 2 spell: Blink
  3967 | D:6      | Noticed Maggie
  4139 | D:6      | Noticed Eustachio
  4150 | D:6      | Killed Eustachio
  4151 | D:6      | Reached skill level 10 in Ranged Weapons
  4183 | D:6      | Found a blossoming altar of Fedhas.
  4183 | D:6      | Found a sacrificial altar of Ru.
  4184 | D:6      | Found an ornate altar of the Wu Jian Council.
  4213 | D:6      | Reached skill level 1 in Translocations
  4269 | D:6      | Reached XP level 9. HP: 71/71 MP: 10/10
  4304 | D:6      | Reached skill level 1 in Spellcasting
  4309 | D:6      | Found a stormy altar of Qazlal.
  4736 | D:6      | Found an ancient bone altar of Kikubaaqudgha.
  4748 | D:6      | Found a shadowy altar of Dithmenos.
  4870 | D:7      | Reached ** piety under Hepliaklqana
  4871 | D:7      | Remembered your ancestor Ku-aya as a knight
  4922 | D:7      | Noticed Joseph
  5034 | D:7      | Killed Joseph
  5656 | D:8      | Noticed a troll
  5663 | D:8      | Killed a troll
  5664 | D:8      | Reached skill level 1 in Evocations
  5669 | D:7      | Reached skill level 11 in Ranged Weapons
  5669 | D:7      | Reached skill level 5 in Armour
  5690 | D:8      | Found Lyatrof's Self-Published Books.
  5713 | D:8      | Found a flagged portal.
  5804 | Bailey   | Entered a bailey
  5836 | Bailey   | Reached skill level 5 in Dodging
  5836 | Bailey   | Reached XP level 10. HP: 81/81 MP: 12/12
  5873 | Bailey   | Reached *** piety under Hepliaklqana
  6025 | Bailey   | Noticed a vault guard
  6044 | Bailey   | Killed a vault guard
  6045 | Bailey   | Reached skill level 12 in Ranged Weapons
  6084 | Bailey   | Noticed a vault guard
  6101 | Bailey   | Killed a vault guard
  6270 | D:8      | Reached skill level 10 in Fighting
  6270 | D:8      | Reached skill level 13 in Ranged Weapons
  6282 | D:8      | Found a burning altar of Makhleb.
  6302 | D:8      | Found a sand-covered staircase.
  6311 | Ossuary  | Entered an ossuary
  6450 | Ossuary  | Reached skill level 14 in Ranged Weapons
  6450 | Ossuary  | Reached XP level 11. HP: 91/91 MP: 13/13
  6703 | D:8      | Found a staircase to the Lair.
  6999 | D:9      | Found a broken altar of Ashenzari.
  7209 | D:9      | Found a white marble altar of Elyvilon.
  7328 | D:9      | Reached XP level 12. HP: 99/99 MP: 14/14
  7450 | D:9      | Noticed a two-headed ogre
  7463 | D:9      | Killed a two-headed ogre
  7570 | D:10     | Entered Level 10 of the Dungeon
  7573 | D:10     | Reached **** piety under Hepliaklqana
  7775 | D:10     | Reached skill level 1 in Short Blades
  8021 | D:10     | Noticed Grum
  8042 | D:10     | Reached skill level 15 in Ranged Weapons
  8060 | D:10     | Found a glowing golden altar of the Shining One.
  8330 | D:10     | Killed Grum
  9637 | D:12     | Noticed a two-headed ogre
  9707 | D:12     | Killed a two-headed ogre
  9715 | D:12     | Noticed a boulder beetle
  9730 | D:12     | Killed a boulder beetle
 10134 | D:12     | Found Bun Esch's Antique Weapon Boutique.
 10282 | D:12     | Reached ***** piety under Hepliaklqana
 10509 | D:11     | Reached skill level 16 in Ranged Weapons
 10609 | Lair:1   | Entered Level 1 of the Lair of Beasts
 10697 | Lair:1   | Reached skill level 5 in Invocations
 10724 | Lair:1   | Found a glowing golden altar of the Shining One.
 10929 | Lair:1   | Noticed Amaemon
 10949 | Lair:1   | Killed Amaemon
 10950 | Lair:1   | Reached XP level 13. HP: 100/107 MP: 16/16
 11625 | Lair:2   | Found a hole to the Spider Nest.
 11637 | Lair:2   | Found a frozen archway.
 11648 | Lair:2   | Identified the +2 orcbow of Xeqeik {flame, +Blink rF-
                  | Will+++}
 11659 | IceCv    | Entered an ice cave
 11708 | IceCv    | Found a transporter.
 11719 | IceCv    | Found a transporter.
 12103 | Lair:2   | Reached skill level 17 in Ranged Weapons
 12848 | Lair:3   | Found a staircase to the Shoals.
 13851 | Lair:4   | Reached ****** piety under Hepliaklqana
 14471 | Lair:5   | Entered Level 5 of the Lair of Beasts
 14488 | Lair:5   | Reached XP level 14. HP: 117/117 MP: 19/19
 14541 | Lair:5   | Noticed Sonja
 14553 | Lair:5   | Killed Sonja
 14619 | Lair:5   | Noticed Rupert
 14624 | Lair:5   | Killed Rupert
 14633 | Lair:5   | Reached skill level 18 in Ranged Weapons
 14635 | Lair:5   | Found a staircase to the Slime Pits.
 14636 | Lair:5   | Found a viscous altar of Jiyva.
 14973 | Lair:5   | Reached skill level 5 in Evocations
 15894 | D:12     | Found a staircase to the Orcish Mines.
 16166 | D:12     | Reached skill level 10 in Armour
 16301 | D:13     | Reached skill level 19 in Ranged Weapons
 16321 | D:12     | Reached skill level 15 in Fighting
 16864 | D:13     | Noticed Nessos
 16877 | D:13     | Killed Nessos
 16968 | D:13     | Found a runed translucent gate.
 16968 | D:13     | Found a runed translucent gate.
 16968 | D:13     | Found a runed translucent gate.
 16968 | D:13     | Found an ancient bone altar of Kikubaaqudgha.
 16968 | D:13     | Noticed a lich
 16968 | D:13     | Noticed osoart's ghost (journeyman MfSh)
 16968 | D:13     | Noticed a lich
 16969 | D:13     | Noticed a lich
 16969 | D:13     | Noticed a lich
 17842 | D:14     | Reached XP level 15. HP: 126/126 MP: 20/20
 17996 | D:14     | Found a gate to the Vaults.
 18186 | D:14     | Reached skill level 20 in Ranged Weapons
 19137 | D:15     | Entered Level 15 of the Dungeon
 19374 | Orc:1    | Entered Level 1 of the Orcish Mines
 19475 | Orc:2    | Entered Level 2 of the Orcish Mines
 19556 | Orc:2    | Found Huthu's Armour Emporium.
 19567 | Orc:2    | Bought a +2 hat for 224 gold pieces
 19595 | Orc:2    | Found a staircase to the Elven Halls.
 19618 | Orc:1    | Found Teogopas's Book Emporium.
 20025 | Orc:2    | Found a runed translucent gate.
 20025 | Orc:2    | Found a runed translucent gate.
 20025 | Orc:2    | Found a runed translucent gate.
 20028 | Orc:2    | Noticed gummybears's ghost (journeyman TrFi)
 20170 | Orc:2    | Found Duzasar's Gadget Gallery.
 20185 | Orc:2    | Found a transporter.
 20187 | Orc:2    | Found Keferer's Weapon Shop.
 20351 | Orc:2    | Found a transporter.
 20670 | Orc:2    | Found Wocy's Antique Armour Shoppe.
 20672 | Orc:2    | Found Ygyekos's Antique Weapon Emporium.
 20814 | Orc:2    | Found Kymuckirul's Antique Weapon Shop.
 20861 | Orc:2    | Identified the +6 chain mail "Zamnu" {rF+}
 21178 | D:15     | Reached skill level 21 in Ranged Weapons
 21449 | D:15     | Found a staircase to the Depths.
 21476 | D:15     | Reached skill level 1 in Long Blades
 21930 | D:15     | Paralysed by an air elemental for 1 turns
 22460 | Orc:2    | Bought a glowing cloak for 247 gold pieces
 22464 | Orc:2    | Bought a dazzling chain mail for 313 gold pieces
 22464 | Orc:2    | Identified the +5 chain mail of Repulsion {rF+ rC+ Dex+4}
                  | (You bought it in a shop on level 2 of the Orcish Mines)
 22486 | Orc:2    | Bought a dyed leather armour for 165 gold pieces
 22751 | Spider:1 | Entered Level 1 of the Spider Nest
 22751 | Spider:1 | Noticed an emperor scorpion
 22751 | Spider:1 | Found a transporter.
 22758 | Spider:1 | Noticed Jorgrun
 22768 | Lair:2   | Killed Jorgrun
 22848 | Lair:2   | Reached XP level 16. HP: 70/139 MP: 21/21
 23147 | Spider:1 | Found a transporter.
 23310 | Spider:1 | Identified a scroll of acquirement
 23310 | Spider:1 | Acquired 997 gold pieces
 23707 | Spider:2 | Reached skill level 22 in Ranged Weapons
 23907 | Spider:2 | Reached skill level 5 in Long Blades
 24968 | Spider:3 | Identified the +6 war axe of the Eggplant {flame, Str+2}
 26152 | Spider:4 | Entered Level 4 of the Spider Nest
 26602 | Spider:4 | Reached XP level 17. HP: 114/146 MP: 22/22
 26974 | Spider:4 | Found a hide-covered altar of Uskayaw.
 27077 | Spider:4 | Reached skill level 23 in Ranged Weapons
 27560 | Spider:4 | Got a gossamer rune of Zot
 28234 | D:3      | Killed Crazy Yiuf
 28337 | D:5      | Killed Duvessa
 28338 | D:5      | Killed Dowan
 28410 | D:6      | Killed Maggie
 28784 | Shoals:1 | Entered Level 1 of the Shoals
 29021 | Shoals:1 | Noticed Kirke
 29028 | Shoals:1 | Noticed a sphinx
 29028 | Shoals:1 | Killed Kirke
 29191 | Shoals:1 | Reached skill level 24 in Ranged Weapons
 29541 | Shoals:1 | Noticed a titan
 29644 | Shoals:1 | Killed a titan
 30218 | Shoals:2 | Reached XP level 18. HP: 160/160 MP: 23/23
 30763 | Shoals:3 | Noticed Ilsuiw
 30770 | Shoals:3 | Reached skill level 25 in Ranged Weapons
 30772 | Shoals:3 | Killed Ilsuiw
 31103 | Shoals:4 | Entered Level 4 of the Shoals
 31114 | Shoals:4 | Found Gaidade's Armour Boutique.
 31484 | Shoals:4 | Identified the +2 morningstar of an ossuary {flame, ^Drain
                  | rPois Str+9 Dex-4}
 31655 | Shoals:4 | Identified the scarf of Happy Babbling {+Inv, rCorr}
 31846 | Shoals:4 | Got a barnacled rune of Zot
 32306 | Elf:1    | Entered Level 1 of the Elven Halls
 32409 | Orc:2    | Killed from afar by a deep elf annihilator

Illustrated notes

Levels and vault maps discovered:
D:1:      tekkud_arrival_beachfront_property, layout_basic,
          dreamdust_ecumenical_altar_angels_and_demons, minmay_surrounded
D:2:      layout_rooms, serial_rivers, chequers_serial_rivers_small_a,
          chequers_serial_rivers_micro_a, chequers_serial_rivers_large_a,
          chequers_serial_rivers_micro_d
D:3:      layout_basic, okawaru_ov_weapons_minmay, minmay_ruptured,
          uniq_crazy_yiuf_cottage
D:4:      layout_basic, minmay_temple_entry_arrows, grunt_ministairs_1
D:5:      layout_loops_ring, nicolae_gozag_zags_fifth_avenue, serial_undead,
          serial_undead_f, serial_undead_a, serial_undead_b, serial_undead_c,
          serial_undead_b, uniq_duvessa, uniq_ijyb, uniq_edmund,
          uniq_prince_ribbit1
D:6:      layout_basic, jmf_multi_god_temple2,
          nicolae_overflow_quartered_altars, amethyst_killhole, uniq_eustachio,
          uniq_maggie
D:7:      layout_basic, chequers_serial_rivers_room_a, uniq_joseph
D:8:      layout_cave_pools, mainiacjoe_overflow_paths, erik_lair_island,
          enter_bailey_5, enter_ossuary_4, nicolae_custom_books,
          minmay_misc_feat_pillars
D:9:      layout_basic, nicolae_ashenzari_panopticon, lemuel_round_altar
D:10:     layout_gridville, nicolae_tso_swordbearing_angel, uniq_grum
D:11:     layout_roguey
D:12:     minmay_octagon_keep, layout_loops_ring, orc_0_dummy, serial_shops,
          shop
D:13:     layout_basic, gammafunk_ghost_crypt, uniq_nessos
D:14:     layout_layer_cave, lightli_vaults_fourway_checkpoint,
          grunt_decor_junction
D:15:     hangedman_crystal_crosses_colossus [crystal_crosses_arms_four,
          crystal_crosses_arms_one, crystal_crosses_arms_one]
Temple:   nicolae_temple_ecumenical_triangle
Lair:1:   layout_long_grid, basic_altar, chequers_serial_rivers_room_a,
          minivault_26, roderic_batcave, lemuel_fruit_fields, uniq_amaemon
Lair:2:   layout_cellular_growth, spider_nest_entry_rubble,
          gauntlet_entry_generic, portal_ice_cave_entry_ice_simulacra
Lair:3:   layout_cave_pods, nicolae_shoals_entry_roost,
          infiniplex_staircase_pool
Lair:4:   layout_misc_corridors
Lair:5:   evilmike_catoblepas_cave, layout_misc_corridors, slime_entry_1,
          uniq_sonja, uniq_rupert
Shoals:1: cheibrodos_shoals_gigantism, layout_shoals, uniq_kirke, uniq_donald
Shoals:2: cheibrodos_shoals_roost, layout_shoals
Shoals:3: layout_shoals, uniq_ilsuiw
Shoals:4: shoals_end_grunt_ice, layout_shoals, serial_shops, nicolae_shop_stone
Spider:1: gammafunk_sealed_arena, special_room [special_room_bee], uniq_jorgrun
Spider:2: layout_chambers
Spider:3: layout_spider_delve
Spider:4: guppyfry_spider_rune, nicolae_spider_altar_of_dancing
Orc:1:    layout_caves, serial_shops, shop, statue_in_the_mist_lemuel,
          mines3_lemuel
Orc:2:    grunt_orc_community_town_hall, layout_caves,
          grunt_orc_community_big_house_1, grunt_orc_community_big_house_1,
          grunt_orc_community_house_1, grunt_orc_community_house_1,
          grunt_orc_community_house_3, grunt_orc_community_house_3,
          grunt_orc_community_house_1, special_room, biasface_ghost_orc_armoury,
          serial_shops, nicolae_shop_drivethru, nicolae_shop_gadgets
Elf:1:    layout_loops_corners, nicolae_elf_crossing_hall

Skill      XL: |  1  2  3  4  5  6  7  8  9 10 11 12 13 14 15 16 17 18 |
---------------+-------------------------------------------------------+-----
Stealth        | 1 |  1.0
Armour         | 1 2 3 5 6 7 8 10 11 12 | 12.0
Fighting       | 3 4 5 6 7 8 11 12 13 15 17 18 19 20 | 20.5
Ranged Weapons | 5 6 7 8 10 11 14 16 17 19 21 22 24 25 | 25.7
Throwing       | 1 |  1.0
Invocations    | 1 2 3 5 6 7 8 |  8.0
Dodging        | 3 5 6 7 |  7.8
Translocations | 1 2 3 |  3.0
Spellcasting   | 2 3 4 |  4.0
Evocations     | 1 3 4 5 |  5.0
Short Blades   | 1 |  1.0
Long Blades    | 3 5 |  5.9

Action                     |  1- 3 |  4- 6 |  7- 9 | 10-12 | 13-15 | 16-18 || total
---------------------------+-------+-------+-------+-------+-------+-------++-------
   Fire: Shortbow          |   108 |   151 |   264 |   599 |   232 |       ||  1354
         Orcbow            |       |       |       |       |   487 |    12 ||   499
         Longbow           |       |       |       |       |   441 |  1032 ||  1473
  Throw: Throwing net      |       |     1 |       |     1 |       |       ||     2
 Invoke: Recall Ancestor   |       |       |     2 |       |     6 |     3 ||    11
         Ancestor Life: Kn |       |       |     1 |       |       |       ||     1
  Evoke: Wand              |       |       |       |     5 |     1 |       ||     6
         Lightning rod     |       |       |       |       |     2 |       ||     2
         Phial of floods   |       |       |       |       |       |     1 ||     1
    Use: Scroll            |       |    10 |     6 |    10 |    16 |    12 ||    54
         Potion            |       |       |       |     1 |       |     1 ||     2
 Armour: Leather armour    |    22 |    21 |    38 |       |    27 |   112 ||   220
         Ring mail         |       |       |    12 |    91 |       |       ||   103
         Scale mail        |       |       |       |    82 |   167 |       ||   249
         Chain mail        |       |       |       |       |       |   165 ||   165
  Dodge: Dodged            |    18 |    16 |    39 |   189 |   204 |   231 ||   697

Table legend: (Time is in decaauts)
 A = Elapsed time spent in this place.
 B = Non-inter-level travel time spent in this place.
 C = Inter-level travel time spent in this place.
 D = Time resting spent in this place.
 E = Time spent auto-exploring this place.
 F = Levels seen in this place.
 G = Mean time per level.
                   A        B        C        D        E       F      G
               +--------+--------+--------+--------+--------+-----+--------+
         Total |  32356 |  29053 |   3303 |   4062 |  18597 |  35 |  924.5 |
       Dungeon |  15737 |  14135 |   1602 |   2213 |   9382 |  15 | 1049.1 |
        Temple |     18 |     10 |      8 |      0 |      0 |   1 |   18.0 |
          Lair |   5380 |   4728 |    652 |    301 |   3396 |   5 | 1076.0 |
        Shoals |   3623 |   3336 |    287 |    486 |   1502 |   4 |  905.8 |
   Spider Nest |   4842 |   4311 |    531 |    720 |   2870 |   4 | 1210.5 |
  Orcish Mines |   1879 |   1656 |    223 |     88 |   1244 |   2 |  939.5 |
   Elven Halls |      7 |      7 |      0 |      0 |      0 |   1 |    7.0 |
       Ossuary |    231 |    231 |      0 |     40 |    113 |   1 |  231.0 |
        Bailey |    434 |    434 |      0 |     99 |     54 |   1 |  434.0 |
      Ice Cave |    200 |    200 |      0 |    114 |     35 |   1 |  200.0 |
               +--------+--------+--------+--------+--------+-----+--------+

Top non-repeatable levels by time:
    D:14: 1943 daAuts
    D:12: 1769 daAuts
Spider:4: 1692 daAuts
Spider:3: 1574 daAuts
  Lair:2: 1418 daAuts
   Orc:2: 1395 daAuts
    D:15: 1239 daAuts
    D:10: 1215 daAuts
Shoals:1: 1211 daAuts
     D:5: 1174 daAuts
  Lair:5: 1174 daAuts
     D:6: 1125 daAuts
  Lair:3: 1117 daAuts
    D:13: 1111 daAuts
Spider:2: 1096 daAuts
